 Dungeon Crawl Stone Soup version 0.29-a0-91-gdebf4667c2 (webtiles) character file.

Game seed: 11914926232728503647

4620 lordive the Covert (level 10, -9/60 HPs)
             Began as a Kobold Brigand on Feb 7, 2022.
             Was a Follower of Uskayaw.
             Killed from afar by a gargoyle (21 damage)
             ... with a stone arrow
             ... on level 9 of the Dungeon.
             The game lasted 00:16:16 (11258 turns).

lordive the Covert (Kobold Brigand)                Turns: 11258, Time: 00:16:17

Health: -9/60      AC:  8    Str:  9    XL:     10   Next: 69%
Magic:  11/11      EV: 18    Int: 19    God:    Uskayaw [*.....]
Gold:   460        SH:  0    Dex: 16    Spells: 9/9 levels left

rFire   + + .      SeeInvis .   y - +6 dagger "Veiprer" {freeze, rElec rF+ Int+2}
rCold   . . .      Faith    .   (no shield)
rNeg    . . .      Spirit   .   u - +2 robe {rF+}
rPois   .          Reflect  .   (no helmet)
rElec   +          Harm     .   c - +0 cloak
rCorr   .          Rampage  .   b - +2 pair of gloves
Will    .....                   (no boots)
Stlth   ++++++....              (no amulet)
HPRegen 0.20/turn               (no ring)
MPRegen 0.12/turn               (no ring)

@: no status effects
A: small, no large weapons, nightstalker 3
a: Renounce Religion, Stomp


You were on level 9 of the Dungeon.
You worshipped Uskayaw.
Uskayaw was noncommittal.
You visited 2 branches of the dungeon, and saw 10 of its levels.
You also visited: Ossuary.

You collected 460 gold pieces.

Inventory:

Hand Weapons
 a - a +2 dagger
 j - a +2 dagger of draining
 k - a +2 vorpal hunting sling
 y - the +6 dagger "Veiprer" (weapon) {freeze, rElec rF+ Int+2}
   (You found it on level 4 of the Dungeon)

   It freezes those it strikes, dealing additional cold damage.
   It can also slow down cold-blooded creatures.
   Int:       It affects your intelligence (+2).
   rF:        It protects you from fire.
   rElec:     It insulates you from electricity.
 N - a +3 dagger
 O - a +5 long sword
Missiles
 d - 35 poisoned darts (quivered)
 e - 5 curare-tipped darts
 t - 309 stones
 K - 6 atropa-tipped darts
Armour
 b - a +2 pair of gloves (worn)
 c - a +0 cloak (worn)
 s - a +0 ring mail
 u - a +2 robe of fire resistance (worn)
 w - a +1 kite shield of protection
Jewellery
 z - a ring of wizardry
 J - a +6 ring of dexterity
 Q - an amulet of magic regeneration
Wands
 l - a wand of iceblast (17)
 L - a wand of mindburst (41)
 P - a wand of flame (7)
Scrolls
 f - a scroll of holy word {unknown}
 g - 6 scrolls of identify {unknown}
 r - 4 scrolls of immolation {unknown}
 v - 2 scrolls of vulnerability {unknown}
 x - 2 scrolls of magic mapping {unknown}
 A - 5 scrolls of teleportation {unknown}
 B - 2 scrolls of silence {unknown}
 C - 2 scrolls of enchant armour {unknown}
 G - 2 scrolls of amnesia {unknown}
 H - a scroll of noise {unknown}
 I - 2 scrolls of fog {unknown}
 M - a scroll of blinking {unknown}
 R - a scroll of fear {unknown}
Potions
 h - 2 potions of mutation {unknown}
 m - 2 potions of might {unknown}
 n - a potion of berserk rage {unknown}
 o - 8 potions of curing {unknown}
 p - 5 potions of lignification {unknown}
 q - 2 potions of degeneration {unknown}
 D - 3 potions of flight {unknown}
 E - 2 potions of ambrosia {unknown}
 F - a potion of resistance {unknown}


   Skills:
 * Level 6.1 Fighting
 + Level 9.0 Short Blades
 * Level 3.1 Crossbows
 + Level 2.5 Throwing
 * Level 3.9 Armour
 * Level 7.2 Dodging
 + Level 11.8 Stealth
 * Level 3.4 Shields
 * Level 2.5 Invocations


You had 9 spell levels left.
You didn't know any spells.
Your spell library was empty.

Dungeon Overview and Level Annotations

Branches:
Dungeon (9/15)             Temple (1/1) D:7         Ossuary (visited)
   Lair: D:8-11         Orc: D:9-12

Altars:
Ashenzari
Cheibriados
Dithmenos
Elyvilon
Fedhas
Gozag
Hepliaklqana
Kikubaaqudgha
Makhleb
Nemelex Xobeh
Okawaru
Qazlal
Ru
Sif Muna
Trog
Uskayaw
Vehumet
Wu Jian
Xom
Yredelemnul
Zin
The Shining One

Shops:
D:3 (   D:9 [

Annotations:
D:5 3 runed translucent doors, enile's ghost, novice OgFE
D:8 exclusion: statue


Innate Abilities, Weirdness & Mutations

You are small and have problems with some larger weapons.
You are completely attuned to the shadows.


Message History

The stone arrow misses you.
You barely miss something.
You hear some strange, mumbled words.
Something tries to affect you, but you resist.
Uskayaw prepares the audience for your solo!
Something barely misses you. Something bites you.
* * * LOW HITPOINT WARNING * * *
Something draws strength from your injuries!
Unknown command.
Unknown command.
You hear some strange, mumbled words.
Something tries to affect you, but you resist.
Something barely misses you. Something bites you.
* * * LOW HITPOINT WARNING * * *
Something draws strength from your injuries!
Unknown command.
Aiming: Line Pass
Press: ? - help, Dir - move target
Okay, then.
Unknown command.
Unknown command.
You feel much better. Something hits you! Something bites you.
Something draws strength from your injuries!
You miss something.
The gargoyle hurls a stone arrow at you.
The stone arrow misses you. Something hits you. Something bites you!
* * * LOW HITPOINT WARNING * * *
Something draws strength from your injuries!
You miss something.
The gargoyle hurls a stone arrow at you.
The stone arrow hits something.
Unknown command.
You can no longer pass through a line of other dancers.
Something hits you.
* * * LOW HITPOINT WARNING * * *
Something bites you but does no damage.
The gargoyle hurls a stone arrow at you.
The stone arrow hits you!!
You die...

...# ..###...# ...# # #...###
...# .. #.#.9..... ...# #+###..
#.#)###### ...# #.....##....#
#.#....... ...# #.....##....#
#.###9#### ...#####.....##...##
#.# #)#
...................###.###)###
....#...........@...9..........
###.#.###....##....###.####.###
.##.#.#.......).............#
.'..#.#.#########..###.########
.#..#.#.##### ##............#
.#..# #.....# #..##.######.#
.#..# #.....# ##.##.# #.# .#..#
#.....# #.##.# #.#
##..#.#.....# #..#.# #.#


You could see a gargoyle.

Vanquished Creatures
  Menkaure (D:7)
  An acid dragon (D:9)
  3 water moccasins
  3 black bears
  An ice beast (D:6)
  3 sky beasts
  3 orc warriors
  3 centaurs
  2 kobold brigands
  5 bullfrogs
  10 wights
  17 killer bees
  3 centaur zombies
  3 human zombies (Ossuary)
  2 hounds
  A gnoll shaman (D:7)
  5 orc priests
  2 jellies
  2 centaur skeletons
  Jessica (D:3)
  A bullfrog skeleton (D:5)
  5 iguanas
  A scorpion zombie (D:5)
  7 orc wizards
  A killer bee zombie (D:7)
  2 mummies (Ossuary)
  Robin (D:2)
  12 gnolls
  A howler monkey skeleton (D:5)
  7 adders
  2 shadow imps (D:5)
  3 adder zombies (Ossuary)
  3 worms (D:2)
  A dart slug (D:4)
  26 orcs
  5 endoplasms
  4 giant cockroaches
  20 goblins
  7 hobgoblins
  17 kobolds
  6 quokkas
  6 ball pythons
  5 bats
  A frilled lizard (D:2)
  14 hobgoblin zombies (Ossuary)
  2 jackal zombies (Ossuary)
  8 kobold zombies (Ossuary)
  6 orc zombies (Ossuary)
  A rat (D:3)
  A rat zombie (Ossuary)
247 creatures vanquished.

Notes
Turn   | Place    | Note
-------+----------+-------------------------------------------
     0 | D:1      | lordive the Kobold Brigand began the quest for the Orb.
     0 | D:1      | Reached XP level 1. HP: 12/12 MP: 1/1
    55 | D:1      | Reached XP level 2. HP: 14/17 MP: 2/2
   314 | D:1      | Reached skill level 6 in Stealth
   332 | D:1      | Found a faded altar of an unknown god.
   383 | D:1      | You fall into a shaft and drop 1 floor!
   470 | D:2      | Reached XP level 3. HP: 20/20 MP: 3/3
   916 | D:2      | Noticed Robin
   939 | D:2      | Killed Robin
   940 | D:2      | Reached XP level 4. HP: 8/27 MP: 4/4
  1805 | D:3      | Reached skill level 7 in Stealth
  1876 | D:3      | Reached XP level 5. HP: 31/31 MP: 5/5
  2191 | D:3      | Found Dakkit's Antique Weapon Boutique.
  2259 | D:3      | Noticed Jessica
  2267 | D:3      | Killed Jessica
  3313 | D:4      | Identified the +6 dagger "Veiprer" {freeze, rElec rF+
                  | Int+2}
  3405 | D:4      | Reached skill level 8 in Stealth
  3405 | D:4      | Reached XP level 6. HP: 16/36 MP: 6/6
  3759 | D:4      | Noticed a sky beast
  3771 | D:4      | Killed a sky beast
  3772 | D:4      | Reached skill level 1 in Armour
  3913 | D:4      | Reached skill level 5 in Short Blades
  4175 | D:4      | Reached XP level 7. HP: 40/40 MP: 7/7
  4479 | D:5      | Entered Level 5 of the Dungeon
  4511 | D:5      | Reached skill level 9 in Stealth
  4634 | D:5      | Noticed a water moccasin
  4638 | D:5      | Killed a water moccasin
  4649 | D:5      | Reached XP level 8. HP: 46/46 MP: 8/8
  4748 | D:5      | Found a runed translucent gate.
  4761 | D:5      | Noticed enile's ghost (novice OgFE)
  4823 | D:5      | Found a runed translucent gate.
  4824 | D:5      | Found a runed translucent gate.
  4916 | D:5      | Reached skill level 1 in Shields
  5505 | D:5      | Reached skill level 10 in Stealth
  5789 | D:6      | Reached XP level 9. HP: 32/52 MP: 9/9
  6147 | D:6      | Found a sand-covered staircase.
  6158 | Ossuary  | Entered an ossuary
  6718 | D:6      | Reached skill level 5 in Dodging
  6718 | D:6      | Reached skill level 11 in Stealth
  7732 | D:7      | Noticed Menkaure
  7748 | D:7      | Killed Menkaure
  7859 | D:7      | Found a staircase to the Ecumenical Temple.
  7877 | D:7      | Reached skill level 5 in Fighting
  7877 | D:7      | Reached skill level 1 in Crossbows
  7946 | Temple   | Entered the Ecumenical Temple
  8085 | Temple   | Became a worshipper of Uskayaw the Reveller
  8151 | D:7      | Reached * piety under Uskayaw
  8153 | D:7      | Reached ** piety under Uskayaw
  8228 | D:7      | Reached *** piety under Uskayaw
  8355 | D:7      | Reached XP level 10. HP: 59/59 MP: 10/10
  8417 | D:7      | Reached skill level 1 in Invocations
  8867 | D:8      | Found a radiant altar of Vehumet.
  8912 | D:8      | Reached **** piety under Uskayaw
  9082 | D:8      | Identified the +10 quarterstaff of Red True Grit {vamp,
                  | Contam rCorr Str+2 Dex+2}
  9908 | D:9      | Found Taficrah's Armour Shoppe.
 11190 | D:9      | Reached ***** piety under Uskayaw
 11217 | D:9      | Reached ****** piety under Uskayaw
 11220 | D:9      | Noticed a gargoyle
 11258 | D:9      | Killed from afar by a gargoyle

Illustrated notes

Levels and vault maps discovered:
D:1:      minmay_arrival_doors, layout_rooms, ebering_ecumenical_altar_box
D:2:      layout_rooms, uniq_robin
D:3:      layout_basic, serial_shops, shop, minmay_cut_off, uniq_jessica
D:4:      minmay_door_path, layout_gridville, st_stairs_13
D:5:      layout_basic, gammafunk_ghost_split, palyth_stone_intersect,
          minivault_19, st_stairs_5
D:6:      layout_loops_ring, enter_ossuary_1, minmay_misc_feat_hallway
D:7:      layout_cave_pools, minmay_temple_entry_overgrown,
          corexii_checkpoint_a, kennysheep_donut, eino_jars, uniq_menkaure
D:8:      layout_loops_ring, vehumet_statue
D:9:      layout_basic, enter_bailey_8, serial_shops, shop,
          minmay_alternating_orb
Temple:   grunt_wide_crystal_templ

Skill      XL: |  1  2  3  4  5  6  7  8  9 10 |
---------------+-------------------------------+-----
Stealth        | 6 7 8 9 10 11 | 11.8
Short Blades   | 3 4 5 6 7 8 9 |  9.0
Dodging        | 2 3 4 6 7 |  7.2
Armour         | 1 2 3 |  3.9
Fighting       | 3 4 5 6 |  6.1
Shields        | 1 2 3 |  3.4
Crossbows      | 1 3 |  3.1
Invocations    | 2 |  2.5
Throwing       | |  2.5

Action                   |  1- 3 |  4- 6 |  7- 9 | 10-12 || total
-------------------------+-------+-------+-------+-------++-------
Melee: Dagger            |    82 |   118 |   419 |   255 ||   874
       Punch             |       |     1 |     7 |     5 ||    13
  Use: Potion            |       |       |       |     5 ||     5
 Stab: Sleeping          |    10 |     9 |    32 |     6 ||    57
       Distracted        |       |     3 |     4 |       ||     7
       Paralysed         |       |       |     1 |    11 ||    12
Armor: Robe              |     4 |    23 |   101 |    34 ||   162
       Ring mail         |       |     8 |       |       ||     8
Dodge: Dodged            |    37 |    51 |   272 |   164 ||   524

Table legend: (Time is in decaauts)
 A = Elapsed time spent in this place.
 B = Non-inter-level travel time spent in this place.
 C = Inter-level travel time spent in this place.
 D = Time resting spent in this place.
 E = Time spent auto-exploring this place.
 F = Levels seen in this place.
 G = Mean time per level.
                   A        B        C        D        E       F      G
               +--------+--------+--------+--------+--------+-----+--------+
         Total |  10961 |  10630 |    331 |    721 |   8246 |  11 |  996.5 |
       Dungeon |  10423 |  10129 |    294 |    716 |   7983 |   9 | 1158.1 |
        Temple |    147 |    111 |     36 |      0 |     59 |   1 |  147.0 |
       Ossuary |    389 |    389 |      0 |      5 |    204 |   1 |  389.0 |
               +--------+--------+--------+--------+--------+-----+--------+

Top non-repeatable levels by time:
     D:9: 1612 daAuts
     D:3: 1519 daAuts
     D:5: 1216 daAuts
     D:4: 1196 daAuts
     D:6: 1182 daAuts
     D:7: 1117 daAuts
     D:2: 1032 daAuts
     D:8: 855 daAuts
     D:1: 692 daAuts
 Ossuary: 389 daAuts
  Temple: 147 daAuts
